 Seeded DCSS version 0.28.0-1-gb440e238dd (webtiles) character file.

Game seed: 2578725859929665729 (custom seed)

205 rabbitsville the Firebug (level 5, -5/38 HPs)
             Began as a Hill Orc Fire Elementalist on Feb 22, 2022.
             Succumbed to a scorpion's poison
             ... on level 4 of the Dungeon.
             The game lasted 00:19:45 (4053 turns).

rabbitsville the Firebug (HOFE)                     Turns: 4053, Time: 00:19:46

Health: -5/38      AC:  2    Str: 11    XL:     5   Next: 83%
Magic:  2/8        EV: 12    Int: 17    God:
Gold:   88         SH:  0    Dex: 21    Spells: 5/8 levels left

rFire   + . .      SeeInvis .   l - +8 dagger of Ceish {freeze, Dex+10}
rCold   x . .      Faith    .   (no shield)
rNeg    . . .      Spirit   .   a - +0 robe
rPois   .          Reflect  .   (no helmet)
rElec   .          Harm     .   (no cloak)
rCorr   .          Rampage  .   (no gloves)
Will    .....                   (no boots)
Stlth   ++........              (no amulet)
HPRegen 0.12/turn               c - ring of flight
MPRegen 0.11/turn               i - ring of fire

@: lethally poisoned (-5 -> -34), flying
A: no striking features
a: no special abilities


You were on level 4 of the Dungeon.
You visited 1 branch of the dungeon, and saw 4 of its levels.

You collected 88 gold pieces.

Inventory:

Hand Weapons
 f - a +0 dagger
 l - the +8 dagger of Ceish (weapon) {freeze, Dex+10}
   (You found it on level 3 of the Dungeon)

   It freezes those it strikes, dealing additional cold damage.
   It can also slow down cold-blooded creatures.
   Dex:       It affects your dexterity (+10).
Armour
 a - a +0 robe (worn)
Jewellery
 c - a ring of flight (left hand)
 i - a ring of fire (right hand)
Wands
 e - a wand of iceblast (8)
Scrolls
 b - 2 scrolls of teleportation {unknown}
 d - 3 scrolls of brand weapon
 g - a scroll of vulnerability {unknown}
 j - 2 scrolls of immolation {unknown}
 k - a scroll of fear {unknown}
 m - a scroll of noise {unknown}
Potions
 h - a potion of flight
 n - a potion of mutation


   Skills:
 + Level 0.6 Short Blades
 + Level 2.1 Armour
 - Level 1.5 Dodging
 - Level 1.5 Stealth
 - Level 2.3 Spellcasting
 + Level 2.5 Conjurations
 * Level 5.1 Fire Magic


You had 5 spell levels left.
You knew the following spells:

 Your Spells              Type           Power      Damage    Failure   Level
a - Foxfire               Conj/Fire      88%        2x1d8     4%          1
b - Scorch                Fire           58%        2d7       3%          2

Your spell library contained the following spells:

 Spells                   Type           Power      Damage    Failure   Level
 Conjure Flame            Conj/Fire      22%        6-21      12%         3
 Static Discharge         Conj/Air       6%         N/A       17%         2
 Inner Flame              Hex/Fire       16%        N/A       21%         3
 Flame Wave               Conj/Fire      22%        2d7       36%         4
 Lightning Bolt           Conj/Air       3%         1d14      97%         5
 Maxwell's Capacitive Co  Air            0%         ∞         100%        8


Dungeon Overview and Level Annotations

Branches:
Dungeon (4/15)
 Temple: D:4-7

Altars:


Message History

Casting: Scorch (safe; 3% risk of failure)
Confirm with . or Enter, or press ? or * to list all spells.
You feel a surge of power!
Flames lash the scorpion.
The scorpion is burned terribly!
The scorpion is severely wounded.
You closely miss the scorpion.
The scorpion is severely wounded.
The scorpion barely misses you.
You hit the scorpion but do no damage.
The scorpion is severely wounded.
The scorpion stings you.
You closely miss the scorpion.
The scorpion is severely wounded.
The scorpion stings you.
Casting: Scorch (safe; 3% risk of failure)
Confirm with . or Enter, or press ? or * to list all spells.
You feel a surge of power!
Flames lash the scorpion but do no damage.
The scorpion stings you.
You are poisoned.
The scorpion poisons you! The scorpion closely misses you.
You hit the scorpion but do no damage.
You punch the scorpion, but do no damage.
The scorpion is severely wounded.
You feel very sick. The scorpion stings you!
You are lethally poisoned!
The scorpion poisons you!
It was a potion of flight.
You feel more buoyant.
* * * LOW HITPOINT WARNING * * *
You feel very sick. The scorpion stings you!
* * * LOW HITPOINT WARNING * * *
You are more poisoned.
The scorpion poisons you!
You closely miss the scorpion.
You punch the scorpion, but do no damage.
The scorpion is severely wounded.
You die...

#..........
#......... #
#........### ..
....(......
...##......(. .
#.........#..<
#...........
#..s@....#
#..............
#........######
#.....#...
##.#.##.... #
#. ...... #
.......
........


You could see a scorpion (combustible).

Vanquished Creatures
  A howler monkey (D:3)
  2 orc wizards (D:3)
  6 adders
  2 worms
  3 orcs (D:3)
  3 ball pythons
  5 bats
  3 endoplasms
  2 giant cockroaches
  6 goblins
  6 hobgoblins
  4 kobolds
  4 quokkas
  5 frilled lizards
  4 rats
56 creatures vanquished.

Vanquished Creatures (others)
  49 foxfires
49 creatures vanquished.

Grand Total: 105 creatures vanquished

Notes
Turn   | Place    | Note
-------+----------+-------------------------------------------
     0 | D:1      | rabbitsville the Hill Orc Fire Elementalist began the quest
                  | for the Orb.
     0 | D:1      | Reached XP level 1. HP: 14/14 MP: 3/3
   383 | D:1      | Found a faded altar of an unknown god.
   498 | D:1      | Reached XP level 2. HP: 20/20 MP: 1/4
  1378 | D:2      | Learned a level 2 spell: Scorch
  1535 | D:2      | Reached XP level 3. HP: 26/26 MP: 1/5
  1589 | D:2      | Reached skill level 4 in Fire Magic
  2186 | D:1      | Reached skill level 1 in Armour
  2189 | D:1      | HP: 1/26 [poisoned by an adder]
  2689 | D:3      | Reached XP level 4. HP: 33/33 MP: 0/7
  2788 | D:3      | Identified the +8 dagger of Ceish {freeze, Dex+10}
  2986 | D:3      | Reached XP level 5. HP: 25/38 MP: 1/8
  3506 | D:3      | Reached skill level 5 in Fire Magic
  4052 | D:4      | HP: 1/38 [scorpion (9)]
  4053 | D:4      | Succumbed to a scorpion's poison

Illustrated notes

Levels and vault maps discovered:
D:1:      dpeg_arrival_round_c, layout_basic,
          hellmonk_ecumenical_altar_pennies_from_heaven
D:2:      layout_rooms
D:3:      layout_loops_cross, minmay_pentomino_pile
D:4:      layout_rooms, grunt_qazlal_sundering, minmay_misc_feat_x,
          minivault_25, uniq_pikel

Skill      XL: |  1  2  3  4  5 |
---------------+----------------+-----
Fire Magic     | 4 5 |  5.1
Spellcasting   | 2 |  2.3
Armour         | 1 2 |  2.1
Conjurations   | 2 |  2.5
Short Blades   | |  0.6
Dodging        | |  1.5
Stealth        | |  1.5

Action                   |  1- 3 |  4- 6 || total
-------------------------+-------+-------++-------
Melee: Dagger            |    35 |    41 ||    76
       Punch             |       |     2 ||     2
 Cast: Foxfire           |    24 |     3 ||    27
       Scorch            |    16 |    22 ||    38
  Use: Scroll            |       |     3 ||     3
       Potion            |       |     2 ||     2
 Stab: Sleeping          |       |     1 ||     1
Armor: Robe              |     7 |     2 ||     9
       Skin              |       |    14 ||    14
Dodge: Dodged            |    24 |    18 ||    42
